 Dungeon Crawl Stone Soup version 0.30-a0-913-g9934a0ce24 (webtiles) character file.

Game seed: 14292481978425783021

1309 billz999 the Skirmisher (level 8, -4/144 HPs)
             Began as a Gnoll Hunter on Mar 20, 2023.
             Was a Follower of Kikubaaqudgha.
             Slain by a11behringer's ghost (7 damage)
             ... on level 5 of the Dungeon.
             The game lasted 00:11:04 (3989 turns).

billz999 the Skirmisher (Gnoll Hunter)              Turns: 3989, Time: 00:11:04

Health: -4/144     AC: 24    Str:  7 (10) XL:     8   Next: 58%
Magic:  13/13      EV:  2    Int:  7 (8)  God:    Kikubaaqudgha [*.....]
Gold:   228        SH:  0    Dex: 16 (19) Spells: 11/14 levels left

rFire   . . .      SeeInvis .    m - +2 hand axe (vamp)
rCold   . . .      Faith    .    (no shield)
rNeg    . . .      Spirit   .    n - melded +2 robe {Will+}
rPois   +          Reflect  .    (helmet currently unavailable)
rElec   .          Rampage  .    y - melded +0 cloak
rCorr   .          NoTele   +    q - melded +1 pair of gloves
Will    +....                    k - melded +2 pair of boots Stlth
                                 t - amulet of the acrobat
HPRegen 0.44/turn                u - ring of willpower
MPRegen 0.13/turn                (no ring)

@: berserking, tree-form, attractive, hasted (expiring), very quick
A: stationary, stasis, torment immunity, boosted hp, (fangs 1), strong nose,
distributed training
a: Renounce Religion, Unearth Wretches


You were on level 5 of the Dungeon.
You worshipped Kikubaaqudgha.
Kikubaaqudgha was aware of your devotion.
You were a tree.
You visited 2 branches of the dungeon, and saw 6 of its levels.

You collected 228 gold pieces.

Inventory:

Hand Weapons
 a - a +0 shortbow
 m - a +2 vampiric hand axe (weapon)
Missiles
 v - 6 poisoned darts
 z - 2 throwing nets
Armour
 k - a +2 pair of boots (melded)
 n - a +2 robe of willpower (melded)
 q - a +1 pair of gloves (melded)
 y - a +0 cloak (melded)
Jewellery
 t - an amulet of the acrobat (around neck)
 u - a ring of willpower (left branch)
Wands
 f - a wand of flame (15)
 j - a wand of polymorph (8)
Scrolls
 b - 4 scrolls of immolation
 d - a scroll of enchant weapon
 e - 3 scrolls of teleportation
 h - a scroll of magic mapping
 i - 2 scrolls of butterflies
 l - 2 scrolls of enchant armour
 x - a scroll of blinking
 A - a scroll of vulnerability {unknown}
 B - a scroll of fog
 C - a scroll of acquirement {unknown}
Potions
 o - a potion of lignification
 p - a potion of degeneration
 s - a potion of magic {unknown}
 w - a potion of cancellation {unknown}


   Skills:
 + Level 5.8 Fighting
 + Level 3.5 Short Blades
 + Level 3.5 Long Blades
 + Level 3.5 Axes
 + Level 3.5 Maces & Flails
 + Level 3.5 Polearms
 + Level 3.5 Staves
 + Level 9.3 Ranged Weapons
 + Level 3.5 Throwing
 + Level 3.5 Armour
 + Level 5.8 Dodging
 + Level 4.3 Stealth
 + Level 3.5 Shields
 + Level 3.5 Unarmed Combat
 + Level 3.5 Spellcasting
 + Level 2.9 Conjurations
 + Level 2.9 Hexes
 + Level 2.9 Summonings
 + Level 2.9 Necromancy
 + Level 2.9 Translocations
 + Level 2.9 Transmutations
 + Level 2.9 Fire Magic
 + Level 2.9 Ice Magic
 + Level 2.9 Air Magic
 + Level 2.9 Earth Magic
 + Level 2.9 Poison Magic
 + Level 3.9 Invocations
 + Level 3.5 Evocations


You had 11 spell levels left.
You knew the following spells:

 Your Spells              Type           Power      Damage    Failure   Level
a - Mephitic Cloud        Conj/Pois/Air  5%         N/A       30%         3

Your spell library contained the following spells:

 Spells                   Type           Power      Damage    Failure   Level
 Beastly Appendage        Tmut           10%        N/A       10%         1
 Magic Dart               Conj           20%        1d4       10%         1
 Necrotise                Necr           20%        1d5       10%         1
 Call Imp                 Summ           5%         N/A       16%         2
 Cigotuvi's Dreadful Rot  Necr/Pois/Air  10%        N/A       16%         2
 Ensorcelled Hibernation  Hex/Ice        10%        N/A       16%         2
 Lesser Beckoning         Tloc           10%        N/A       16%         2
 Passwall                 Tmut/Erth      4%         N/A       16%         2
 Sublimation of Blood     Necr           5%         N/A       16%         2
 Wereblood                Tmut           5%         N/A       16%         2
 Gell's Gravitas          Tloc           5%         N/A       30%         3
 Spider Form              Tmut/Pois      5%         N/A       30%         3
 Swiftness                Air            5%         N/A       30%         3
 Teleport Other           Tloc           5%         N/A       30%         3
 Vampiric Draining        Necr           5%         2d6       30%         3


Dungeon Overview and Level Annotations

Branches:
Dungeon (5/15)             Temple (1/1) D:4

Altars:
Kikubaaqudgha
Wu Jian

Annotations:
D:5 1 transporter, a11behringer's ghost, novice FoFi


Innate Abilities, Weirdness & Mutations

You are a tree.
Your roots penetrate the ground, keeping you stationary.
You cannot be teleported.
You are immune to unholy pain and torment.
Your maximum health is greatly increased.
Your equipment is partially melded.
((You have very sharp teeth.))
Your uncanny sense of smell can sniff out nearby items.
Your experience applies equally to all skills.


Message History

A11behringer's ghost is heavily damaged.
You shoot an arrow.
The arrow barely misses a11behringer's ghost.
A11behringer's ghost hits you!
* * * LOW HITPOINT WARNING * * *
You shoot an arrow.
The arrow hits a11behringer's ghost but does no damage.
A11behringer's ghost is heavily damaged.
A11behringer's ghost hits you!
* * * LOW HITPOINT WARNING * * *
You shoot an arrow. The arrow hits a11behringer's ghost.
A11behringer's ghost is heavily damaged.
It was a potion of attraction.
You feel attractive to monsters.
A11behringer's ghost hits you but does no damage.
It was a potion of degeneration.
There was something very wrong with that liquid.
You feel weakened.
You feel dopey.
You feel clumsy. A11behringer's ghost hits you.
* * * LOW HITPOINT WARNING * * *
It was a potion of berserk rage.
A red film seems to cover your vision as you go berserk!
You feel yourself moving faster!
You feel mighty!
Your extra speed is starting to run out.
Really attack while wielding your +0 shortbow? [Y]es or [N]o only, please.
Really attack while wielding your +0 shortbow?
Okay, then.
You feel a sense of dread.
m - a +2 vampiric hand axe (weapon)
You feel a strong urge to attack something.
A11behringer's ghost hits you.
* * * LOW HITPOINT WARNING * * *
You slash a11behringer's ghost!
A11behringer's ghost is severely damaged.
You barely miss a11behringer's ghost.
A11behringer's ghost is severely damaged.
A11behringer's ghost hits you!
You die...
Kikubaaqudgha rasps: "You have failed me!
Welcome... death!"

#.....................# #
#.###################.# #
#.#........# #.# # #.#.######.#
######.# # #.#.# ##.##
#...##.#### #.#.# #...#
#...##.#(.. #.#.# #...#
#...##.#...
########.#.#####...####...##†#...
................♣.....+.W....'...
##....##.#.#####.W.####...##.#...
#....##.#.#...#...####...##.#...
##....##.#.#.#.#......'......#...
.........#.#.#.......##.....#####
##....####.#.#.......##.....# ###
##....# #.#.).......+......# #..
......# #.###.......##.....# #.#
#.##### #...........##.##### #.†


You could see a11behringer's ghost.

Vanquished Creatures
  Grinder (D:5)
  Sigmund (D:3)
  Edmund (D:5)
  Duvessa (D:5)
  3 phantoms (D:5)
  A scorpion (D:4)
  Dowan (D:5)
  A jelly (D:4)
  2 orc priests (D:5)
  Terence (D:3)
  3 iguanas
  2 orc wizards (D:3)
  7 adders
  A shadow imp (D:5)
  An ufetubus (D:5)
  A worm (D:2)
  3 dart slugs
  14 orcs
  11 ball pythons
  4 endoplasms (D:3)
  2 giant cockroaches
  7 goblins
  10 hobgoblins
  9 jackals
  5 kobolds
  A quokka (D:1)
  3 bats
  2 frilled lizards
  4 rats
103 creatures vanquished.

Notes
Turn   | Place    | Note
-------+----------+-------------------------------------------
     0 | D:1      | billz999 the Gnoll Hunter began the quest for the Orb.
     0 | D:1      | Reached XP level 1. HP: 20/20 MP: 1/1
   200 | D:1      | Reached XP level 2. HP: 26/26 MP: 2/2
   338 | D:1      | Reached XP level 3. HP: 31/31 MP: 3/3
   344 | D:1      | Found a faded altar of an unknown god.
   458 | D:1      | Reached skill level 1 in Invocations
   841 | D:2      | Reached skill level 1 in Short Blades
   841 | D:2      | Reached skill level 1 in Long Blades
   841 | D:2      | Reached skill level 1 in Axes
   841 | D:2      | Reached skill level 1 in Maces & Flails
   841 | D:2      | Reached skill level 1 in Polearms
   841 | D:2      | Reached skill level 1 in Staves
   841 | D:2      | Reached skill level 1 in Throwing
   841 | D:2      | Reached skill level 1 in Armour
   841 | D:2      | Reached skill level 1 in Shields
   841 | D:2      | Reached skill level 1 in Unarmed Combat
   841 | D:2      | Reached skill level 1 in Spellcasting
   841 | D:2      | Reached skill level 1 in Evocations
  1169 | D:2      | Reached XP level 4. HP: 26/38 MP: 5/5
  1673 | D:3      | Noticed Sigmund
  1715 | D:3      | Reached skill level 1 in Conjurations
  1715 | D:3      | Reached skill level 1 in Hexes
  1715 | D:3      | Reached skill level 1 in Summonings
  1715 | D:3      | Reached skill level 1 in Necromancy
  1715 | D:3      | Reached skill level 1 in Translocations
  1715 | D:3      | Reached skill level 1 in Transmutations
  1715 | D:3      | Reached skill level 1 in Fire Magic
  1715 | D:3      | Reached skill level 1 in Ice Magic
  1715 | D:3      | Reached skill level 1 in Air Magic
  1715 | D:3      | Reached skill level 1 in Earth Magic
  1715 | D:3      | Reached skill level 1 in Poison Magic
  1719 | D:3      | Killed Sigmund
  1720 | D:3      | Reached XP level 5. HP: 30/43 MP: 5/7
  1720 | D:3      | Reached XP level 6. HP: 35/50 MP: 5/8
  1845 | D:3      | Noticed Terence
  1866 | D:3      | Killed Terence
  1867 | D:3      | Reached skill level 5 in Fighting
  1867 | D:3      | Reached skill level 5 in Dodging
  2394 | D:4      | Found a staircase to the Ecumenical Temple.
  2406 | Temple   | Entered the Ecumenical Temple
  2445 | Temple   | Became a worshipper of Kikubaaqudgha
  2483 | D:4      | Reached XP level 7. HP: 37/56 MP: 10/10
  2599 | D:4      | Learned a level 3 spell: Mephitic Cloud
  3089 | D:5      | Entered Level 5 of the Dungeon
  3154 | D:5      | Noticed Grinder
  3189 | D:5      | Reached skill level 9 in Ranged Weapons
  3210 | D:5      | Killed Grinder
  3245 | D:5      | Reached XP level 8. HP: 53/63 MP: 12/12
  3315 | D:5      | Found a transporter.
  3331 | D:5      | Noticed Edmund
  3366 | D:5      | Killed Edmund
  3549 | D:5      | Noticed Duvessa
  3550 | D:5      | Noticed Dowan
  3597 | D:5      | Killed Duvessa
  3606 | D:5      | Killed Dowan
  3761 | D:5      | Reached * piety under Kikubaaqudgha
  3761 | D:5      | Received a gift from Kikubaaqudgha
  3824 | D:5      | Found a runed translucent door.
  3918 | D:5      | Noticed a11behringer's ghost (novice FoFi)
  3985 | D:5      | HP: 2/96 [a11behringer's ghost (6)]
  3989 | D:5      | Slain by a11behringer's ghost

Illustrated notes

Levels and vault maps discovered:
D:1:      dpeg_arrival_connections, layout_loops_ring,
          hellmonk_ecumenical_altar_inner_sanctum, columned_hall_lemuel
D:2:      layout_basic, patterned_corridor
D:3:      kennysheep_big_flooded_room, layout_rooms, uniq_sigmund, uniq_terence
D:4:      layout_cave_pools, minmay_temple_entry_ruins, minivault_23
D:5:      gammafunk_cloud_chamber, layout_basic, ebering_ghost_sewer_d,
          feat_on_display, uniq_pikel, uniq_edmund, uniq_grinder, uniq_duvessa
Temple:   mainiacjoe_temple_big_plus

Skill      XL: |  1  2  3  4  5  6  7  8 |
---------------+-------------------------+-----
Invocations    | 1 2 3 |  3.9
Short Blades   | 1 2 3 |  3.5
Long Blades    | 1 2 3 |  3.5
Axes           | 1 2 3 |  3.5
Maces & Flails | 1 2 3 |  3.5
Polearms       | 1 2 3 |  3.5
Staves         | 1 2 3 |  3.5
Throwing       | 1 2 3 |  3.5
Armour         | 1 2 3 |  3.5
Shields        | 1 2 3 |  3.5
Unarmed Combat | 1 2 3 |  3.5
Spellcasting   | 1 2 3 |  3.5
Evocations     | 1 2 3 |  3.5
Conjurations   | 1 2 |  2.9
Hexes          | 1 2 |  2.9
Summonings     | 1 2 |  2.9
Necromancy     | 1 2 |  2.9
Translocations | 1 2 |  2.9
Transmutations | 1 2 |  2.9
Fire Magic     | 1 2 |  2.9
Ice Magic      | 1 2 |  2.9
Air Magic      | 1 2 |  2.9
Earth Magic    | 1 2 |  2.9
Poison Magic   | 1 2 |  2.9
Stealth        | 3 4 |  4.3
Fighting       | 5 |  5.8
Dodging        | 5 |  5.8
Ranged Weapons | 9 |  9.3

Action                     |  1- 3 |  4- 6 |  7- 9 || total
---------------------------+-------+-------+-------++-------
  Melee: Hand axe          |       |       |     2 ||     2
   Fire: Shortbow          |   101 |   133 |   210 ||   444
  Throw: Dart              |       |       |     4 ||     4
   Cast: Mephitic Cloud    |       |       |     2 ||     2
  Evoke: Wand              |       |     1 |     3 ||     4
    Use: Scroll            |     1 |     3 |     5 ||     9
         Potion            |       |       |     5 ||     5
 Armour: Leather armour    |    11 |     9 |       ||    20
         Robe              |       |    33 |    22 ||    55
         Skin              |       |       |     3 ||     3
  Dodge: Dodged            |    24 |    52 |    73 ||   149

Table legend: (Time is in decaauts)
 A = Elapsed time spent in this place.
 B = Non-inter-level travel time spent in this place.
 C = Inter-level travel time spent in this place.
 D = Time resting spent in this place.
 E = Time spent auto-exploring this place.
 F = Levels seen in this place.
 G = Mean time per level.
                   A        B        C        D        E       F      G
               +--------+--------+--------+--------+--------+-----+--------+
         Total |   4008 |   3810 |    198 |    119 |   2839 |   6 |  668.0 |
       Dungeon |   3946 |   3770 |    176 |    119 |   2805 |   5 |  789.2 |
        Temple |     61 |     39 |     22 |      0 |     34 |   1 |   61.0 |
               +--------+--------+--------+--------+--------+-----+--------+

Top non-repeatable levels by time:
     D:2: 908 daAuts
     D:5: 891 daAuts
     D:1: 737 daAuts
     D:4: 729 daAuts
     D:3: 680 daAuts
  Temple: 61 daAuts
